 Dungeon Crawl Stone Soup version 0.28.0-53-g5a82cb258f (webtiles) character file.

Game seed: 14940968362618819252

19 Kangaroobicon the Skirmisher (level 2, -1/25 HPs)
             Began as a Palentonga Fighter on May 28, 2022.
             Slain by a goblin
             ... wielding a +0 club
             ... led by Robin
              (4 damage)
             ... on level 2 of the Dungeon.
             The game lasted 00:05:03 (714 turns).

Kangaroobicon the Skirmisher (Palentonga Fighter)    Turns: 714, Time: 00:05:03

Health: -1/25      AC:  6    Str: 19    XL:     2   Next: 55%
Magic:  2/2        EV:  7    Int:  8    God:
Gold:   68         SH:  4    Dex:  9    Spells: 1/1 levels left

rFire   . . .      SeeInvis +   a - +0 war axe
rCold   . . .      Faith    .   c - +0 buckler
rNeg    . . .      Spirit   .   b - +0 scale mail
rPois   .          Reflect  .   (no helmet)
rElec   .          Harm     .   (no cloak)
rCorr   .          Rampage  .   (no gloves)
Will    .....                   (no barding)
Stlth   ..........              (no amulet)
HPRegen 0.08/turn               (no ring)
MPRegen 0.08/turn               (no ring)

@: mighty
A: large, rugged brown scales 3, see invisible, deformed body, roll 1, armoured
tail
a: Rolling Charge


You were on level 2 of the Dungeon.
You visited 1 branch of the dungeon, and saw 2 of its levels.

You collected 68 gold pieces.

Inventory:

Hand Weapons
 a - a +0 war axe (weapon)
Armour
 b - a +0 scale mail (worn)
 c - a +0 buckler (worn)
Scrolls
 e - a scroll of immolation {unknown}
 f - a scroll of identify {unknown}
 g - a scroll of magic mapping {unknown}
Potions
 h - 2 potions of curing {unknown}


   Skills:
 + Level 3.2 Fighting
 + Level 2.1 Axes
 + Level 2.7 Armour
 + Level 2.6 Shields


You had one spell level left.
You didn't know any spells.
Your spell library contained the following spells:

 Spells                   Type           Power      Damage    Failure   Level
 Animate Skeleton         Necr           0%         N/A       85%         1
 Apportation              Tloc           0%         N/A       85%         1
 Summon Small Mammal      Summ           0%         N/A       85%         1


Dungeon Overview and Level Annotations

Branches:
Dungeon (2/15)

Altars:

Annotations:
D:2 Robin


Innate Abilities, Weirdness & Mutations

You are completely covered in rugged brown scales. (AC +3, +7% HP)
You have supernaturally acute eyesight. (SInv)
Armour fits poorly on your strangely shaped body.
You can roll at nearby foes to attack.
You have a long armoured tail.


Message History

A rat comes into view.
A hobgoblin comes into view.
The hobgoblin closely misses you. The goblin hits you but does no damage.
You closely miss the hobgoblin.
The hobgoblin is moderately wounded.
You barely miss the goblin.
The hobgoblin shouts!
You hear a shout!
A hobgoblin comes into view.
The hobgoblin hits you but does no damage.
Robin throws the goblin at you!
* * * LOW HITPOINT WARNING * * *
You block the goblin's attack. x2
A goblin comes into view. It is wielding a +0 club.
The hobgoblin hits you.
* * * LOW HITPOINT WARNING * * *
You closely miss the hobgoblin.
The hobgoblin is moderately wounded.
You hit the goblin.
You kill the goblin!
You slash the goblin!
You kill the goblin!
Robin throws the goblin at you!
The hobgoblin throws a stone.
The stone closely misses you.
The stone hits the goblin.
The hobgoblin barely misses you. The goblin hits you but does no damage.
You closely miss the hobgoblin.
The hobgoblin is moderately wounded.
You completely miss the goblin. The hobgoblin barely misses you.
The goblin hits you with a +0 club.
* * * LOW HITPOINT WARNING * * *
You block the hobgoblin's attack.
The hobgoblin hits you but does no damage.
You slash the hobgoblin!
You kill the hobgoblin!
You barely miss the goblin. You slash the hobgoblin!
You kill the hobgoblin!
The goblin barely misses you. x2
A hobgoblin comes into view.
Robin roars a battlecry!
The goblins go into a battle-frenzy!
The goblin hits you with a +0 club.
You die...

# #<...# . #....#
###....## #.......#
#.#.....####
#.#........#
..#.###.##.#
#...###.##.#########g###
..#.#..........g@g.ggg.g
.....>..........†###r...
........##.#####.# .
...........# #.#
###.######## #.. # #+#
#..# . ##.# . .. . #.


You could see Robin, 3 hobgoblins, 3 goblins and a rat.

Vanquished Creatures
  4 endoplasms
  2 goblins (D:2)
  2 hobgoblins (D:2)
  4 kobolds
  A quokka (D:1)
  A frilled lizard (D:2)
  5 rats
19 creatures vanquished.

Notes
Turn   | Place    | Note
-------+----------+-------------------------------------------
     0 | D:1      | Kangaroobicon the Palentonga Fighter began the quest for
                  | the Orb.
     0 | D:1      | Reached XP level 1. HP: 19/19 MP: 1/1
   336 | D:1      | Reached XP level 2. HP: 25/25 MP: 2/2
   487 | D:1      | Found a faded altar of an unknown god.
   708 | D:2      | Noticed Robin
   714 | D:2      | Slain by a goblin

Illustrated notes

Levels and vault maps discovered:
D:1:      tarquinn_simple_flora_water_e, layout_basic,
          shapermc_ecumenical_altar_mp_highgroup, serial_bayou_pond_d
D:2:      layout_basic, basic_altar, minmay_quadrilaterals,
          uniq_crazy_yiuf_cottage, uniq_robin

Action                   || total
-------------------------++-------
Melee: War axe           ||    44
       Tailslap          ||     2
  Use: Potion            ||     1
Armor: Scale mail        ||    17
Dodge: Dodged            ||    25
Block: Buckler           ||     9
